[Event "Early-Titled-Tuesday-Blitz-May-28-2024"]
[Site "Chess.com"]
[Date "2024.05.28"]
[Round "4"]
[White "lefonghua"]
[Black "maracayo"]
[Result "1-0"]
[WhiteElo "2574"]
[BlackElo "2386"]
[TimeControl "180+1"]
[EndTime "8:36:31 PDT"]
[Termination "lefonghua won on time"]

1. d4 d6 2. e4 Nf6 3. f3 c6 4.
c4 e5 5. Ne2 exd4 6. Nxd4 Be7 7.
Nc3 O-O 8. Be3 Re8 9. Be2 Nbd7 10. O-O Bf8 11. Qd2 a6 12. Rad1 h6 13. Rfe1 Qc7 14. Bf1 Ne5 15. b3 Bd7 16. h3 Rad8 17. Qf2 b5 18. cxb5 1-0

[Event "Early-Titled-Tuesday-Blitz-May-28-2024"]
[Site "Chess.com"]
[Date "2024.05.28"]
[Round "4"]
[White "KnightmareJoker"]
[Black "JoliyRoger"]
[Result "0-1"]
[WhiteElo "2293"]
[BlackElo "2447"]
[TimeControl "180+1"]
[EndTime "8:36:33 PDT"]
[Termination "JoliyRoger won by resignation"]

1. e4 c6 2. d4 d5 3. exd5 cxd5 4. Bd3 Nc6 5. c3 g6 6. Nf3 Nh6 7. O-O Bg7 8. Bf4 O-O 9. Re1 f6 10. Qd2 Nf7 11. Na3 e5 12. dxe5 fxe5 13. Bg3 e4 14.
Be2 exf3 15. Bxf3 d4 16. Rad1 dxc3 17. Qc2 Qf6 18. Rd6 Nxd6 19. Bd5+ Kh8 20. Rd1 Nf5 21. Nb5 Ncd4 22. Nxd4 Nxd4 23. Qd3 Bf5 24. Qf1 cxb2 0-1

[Event "Early-Titled-Tuesday-Blitz-May-28-2024"]
[Site "Chess.com"]
[Date "2024.05.28"]
[Round "4"]
[White "scarabee43"]
[Black "KubaGepard"]
[Result "1-0"]
[WhiteElo "2821"]
[BlackElo "2572"]
[TimeControl "180+1"]
[EndTime "8:36:34 PDT"]
[Termination "scarabee43 won by resignation"]

1. Nf3 d5 2. e3 Nf6 3. c4 dxc4 4. Bxc4 c5 5. O-O Nc6 6. b3 g6 7.
Bb2 Bg7 8. d4 cxd4 9. Nxd4 Nxd4 10. Bxd4 O-O 11. Nc3 a6 12. Qf3 Qe8 13. Rac1 Nd7 14.
Bxg7 Kxg7 15. Nd5 Ne5 16. Qf4 Nxc4 17. Nc7 Qd8 18. Qxc4 Rb8 19. Rfd1 Bd7 20. Qd4+ 1-0

[Event "Early-Titled-Tuesday-Blitz-May-28-2024"]
[Site "Chess.com"]
[Date "2024.05.28"]
[Round "4"]
[White "youngKID"]
[Black "Muracle"]
[Result "1-0"]
[WhiteElo "2873"]
[BlackElo "2576"]
[TimeControl "180+1"]
[EndTime "8:36:51 PDT"]
[Termination "youngKID won by resignation"]

1. d4 d5 2. Nf3 Nf6 3. c4 c6 4. g3 g6 5. Bg2 Bg7 6. O-O O-O 7. b3 dxc4 8. bxc4 c5 9. Bb2 Qb6 10.
Qc1 Ne4 11. Nbd2 Nxd2 12. Qxd2 Nc6 13. Rab1 Bf5 14. dxc5 Qxc5 15. Bxg7 Kxg7 16. Rxb7 Na5 17. Rb5 Nxc4 18. Qc3+ 1-0

[Event "Early-Titled-Tuesday-Blitz-May-28-2024"]
[Site "Chess.com"]
[Date "2024.05.28"]
[Round "4"]
[White "FollowRivers"]
[Black "remyrushbrooke"]
[Result "1-0"]
[WhiteElo "2469"]
[BlackElo "2270"]
[TimeControl "180+1"]
[EndTime "8:36:54 PDT"]
[Termination "FollowRivers won by resignation"]

1. e4 g6 2. d4 Bg7 3. Nc3 d6 4. Be3 a6 5. f3 b5 6. h4 h6 7. Qd2 Bb7 8. Nge2 Nd7 9. h5 g5 10. d5 c5 11. dxc6 Bxc6 12. Nd4 Bxd4 13. Bxd4 e5 14.
Be3 Qc7 15. O-O-O Ke7 16. a4 b4 17. Nd5+ Bxd5 18. Qxd5 Ngf6 19. Qb3 Rhc8 20. Rd2 Nc5 21.
Bxc5 Qxc5 22. Be2 Rc7 23. Rhd1 Rac8 24. Bxa6 Qxc2+ 1-0

[Event "Early-Titled-Tuesday-Blitz-May-28-2024"]
[Site "Chess.com"]
[Date "2024.05.28"]
[Round "4"]
[White "nikitakhoroshev"]
[Black "luca_va99"]
[Result "1-0"]
[WhiteElo "2477"]
[BlackElo "2227"]
[TimeControl "180+1"]
[EndTime "8:37:02 PDT"]
[Termination "nikitakhoroshev won by resignation"]

1. e4 d5 2. exd5 Qxd5 3. Nc3 Qe5+ 4. Be2 Bg4 5. d4 Bxe2 6. Ngxe2 Qa5 7. O-O Nf6 8. Bd2 Nc6 9. a4 Qf5 10. Ng3 Qd7 11.
Be3 O-O-O 12. Qf3 Nxd4 13. Bxd4 Qxd4 14. Rad1 Qg4 15. Rxd8+ Kxd8 16. Qxb7 e5 17. Rd1+ Bd6 18. Qb8+ Qc8 19. Qxa7 Ke7 20. Nb5 Rd8 21. Qe3 Kf8 22. h3 Rd7 23. Nf5 Bc5 24. Qxc5+ Kg8 25. Ne7+ Kh8 26.
Nxc8 Rxd1+ 27. Kh2 1-0

[Event "Early-Titled-Tuesday-Blitz-May-28-2024"]
[Site "Chess.com"]
[Date "2024.05.28"]
[Round "4"]
[White "JanMur7"]
[Black "Ramosha"]
[Result "0-1"]
[WhiteElo "2272"]
[BlackElo "2553"]
[TimeControl "180+1"]
[EndTime "8:37:04 PDT"]
[Termination "Ramosha won by resignation"]

1. c4 c6 2. Nc3 d5 3. d4 dxc4 4. a4 Nf6 5. Nf3 h6 6. Ne5 c5 7.
e3 cxd4 8. exd4 Nc6 9. Nxc6 bxc6 10. Bxc4 e6 11. Be3 Be7 12. O-O Rb8 13. Qf3 O-O 14. Qxc6 Bb7 15. Qb5 Bxg2 16. Kxg2 Rxb5 17. axb5 Qb8 18.
h3 Rc8 19. b3 Bd8 20. Ra6 Bb6 21. Na4 Qb7+ 22. f3 Nd5 23. Bxd5 Qxd5 24. Nxb6 axb6 25.
Rxb6 Qxb3 26. Bf2 Rc3 27. Be1 Rd3 28. Rb8+ Kh7 29. b6 Rxd4 30. Rf2 Rd5 31. Bd2 Rb5 32.
Be3 Qxe3 0-1

[Event "Early-Titled-Tuesday-Blitz-May-28-2024"]
[Site "Chess.com"]
[Date "2024.05.28"]
[Round "4"]
[White "Iball95"]
[Black "NiranjanNavalgund"]
[Result "0-1"]
[WhiteElo "2847"]
[BlackElo "2475"]
[TimeControl "180+1"]
[EndTime "8:37:10 PDT"]
[Termination "NiranjanNavalgund won by resignation"]

1. e4 e5 2. Nf3 Nc6 3. Nc3 Nf6 4. Bb5 Bb4 5. Nd5 Bc5 6. O-O O-O 7. d4 Nxd4 8. Nxd4 Bxd4 9. Bg5 c6 10. Nxf6+ gxf6 11. Bh6 Kh8 12. Bxf8 Qxf8 13. c3 Bb6 14. Bc4 d6 15. Qf3 Qe7 16. Rad1 f5 17. exf5 d5 18.
Bb3 Qf6 19. c4 e4 20. Qf4 Bxf5 21. cxd5 Rg8 22. dxc6 Rxg2+ 23. Kxg2 Bh3+ 24. Kg3 Bc7 25. Rd8+ Qxd8 26. Qxc7 Qxc7+ 27. Kxh3 Qxc6 28. Rd1 Qh6+ 29. Kg2 Qg5+ 30. Kf1 Qf5 31. Rd8+ Kg7 32. Re8 Qb5+ 33. Bc4 Qxe8 34. Bxf7 Qxf7 0-1

[Event "Early-Titled-Tuesday-Blitz-May-28-2024"]
[Site "Chess.com"]
[Date "2024.05.28"]
[Round "4"]
[White "C_K_G"]
[Black "kuchma777"]
[Result "0-1"]
[WhiteElo "2310"]
[BlackElo "2505"]
[TimeControl "180+1"]
[EndTime "8:37:10 PDT"]
[Termination "kuchma777 won by resignation"]

1. e4 c6 2. Nf3 d5 3. Nc3 dxe4 4. Nxe4 Nf6 5. Ng3 h5 6. Bc4 h4 7. Ne5 e6 8. Ne2 h3 9. g3 Bd6 10. d4 Bxe5 11. dxe5 Qa5+ 12. Bd2 Qxe5 13. Bd3 Nbd7 14.
Bc3 Qd5 15. Rg1 Ne5 16. Bxe5 Qxe5 17. Qd2 Qxb2 18. Rd1 O-O 19. Qg5 Qb4+ 20. Kf1 Qg4 21. Qc1 e5 22. Nc3 Be6 23. Qe3 Nd5 24. Nxd5 Qxd1+ 0-1

[Event "Early-Titled-Tuesday-Blitz-May-28-2024"]
[Site "Chess.com"]
[Date "2024.05.28"]
[Round "4"]
[White "Aryan_Tamadon"]
[Black "Me_ch_an"]
[Result "1-0"]
[WhiteElo "2506"]
[BlackElo "2321"]
[TimeControl "180+1"]
[EndTime "8:37:11 PDT"]
[Termination "Aryan_Tamadon won on time"]

1. b3 d5 2. Bb2 Bg4 3. h3 Bh5 4. g4 Bg6 5. f4 e6 6. Nf3 Nd7 7.
Bg2 Ngf6 8. O-O Bd6 9. e3 O-O 10. d3 Qe7 11. Nbd2 Ba3 12. Qc1 Bxb2 13. Qxb2 Qc5 14.
Rae1 Rfe8 15. b4 Qd6 16. e4 Qb6+ 17. Kh1 h6 18. c4 c5 19. a3 cxb4 20. axb4 a5 21.
b5 Nc5 22. Ne5 Bh7 23. exd5 exd5 24. f5 Rad8 25. d4 Na4 26. Qa1 dxc4 27. Ndxc4 Qxd4 28. Qxa4 Rc8 29. Qxa5 1-0

[Event "Early-Titled-Tuesday-Blitz-May-28-2024"]
[Site "Chess.com"]
[Date "2024.05.28"]
[Round "4"]
[White "baki83"]
[Black "WolfBaoBaoLang"]
[Result "1-0"]
[WhiteElo "2904"]
[BlackElo "2073"]
[TimeControl "180+1"]
[EndTime "8:37:16 PDT"]
[Termination "baki83 won by resignation"]

1. e4 c5 2. Nf3 e6 3. c3 Nf6 4. e5 Nd5 5. a3 Nc6 6. d4 cxd4 7. cxd4 b6 8. Bc4 Nce7 9. O-O Bb7 10.
Nbd2 Rc8 11. Bd3 Nf4 12. Be4 Ned5 13. g3 Ng6 14. h4 h5 15. Re1 d6 16. Ng5 dxe5 17.
Nxe6 Qf6 18. Nxf8 Kxf8 19. Nf3 exd4 20. Bg5 Qd6 21. Qxd4 Nge7 22. Bxe7+ Qxe7 23. Bxd5 Qxe1+ 1-0

[Event "Early-Titled-Tuesday-Blitz-May-28-2024"]
[Site "Chess.com"]
[Date "2024.05.28"]
[Round "4"]
[White "juancruzarias"]
[Black "dropstoneDP"]
[Result "1/2-1/2"]
[WhiteElo "2679"]
[BlackElo "2970"]
[TimeControl "180+1"]
[EndTime "8:37:17 PDT"]
[Termination "Game drawn by agreement"]

1. d4 d5 2. c4 dxc4 3. e3 Nf6 4. Bxc4 e6 5. Nf3 c5 6. O-O a6 7. a4 cxd4 8. exd4 Nc6 9. Nc3 Be7 10. Re1 O-O 11. Bg5 h6 12. Bh4 Nh5 13. Bxe7 Nxe7 14. d5 exd5 15. Nxd5 Nxd5 16. Qxd5 Qxd5 17. Bxd5 Nf4 18.
Be4 Rb8 19. Rac1 Bd7 20. a5 b6 21. Rc7 Bb5 22. axb6 Rxb6 23. g3 Ne6 24. Ra7 Bc6 25.
Bxc6 Rxc6 26. Ne5 Rc2 27. Rxa6 Rxb2 28. Kg2 Nc7 29. Ra7 Nd5 30. Nc4 Rc2 31. Ne3 Nxe3+ 32.
Rxe3 Rc6 33. Rf3 Rf6 34. Rxf6 gxf6 1/2-1/2

[Event "Early-Titled-Tuesday-Blitz-May-28-2024"]
[Site "Chess.com"]
[Date "2024.05.28"]
[Round "4"]
[White "alexrustemov"]
[Black "Sondremelaa"]
[Result "1-0"]
[WhiteElo "2825"]
[BlackElo "2575"]
[TimeControl "180+1"]
[EndTime "8:37:19 PDT"]
[Termination "alexrustemov won by resignation"]

1. d4 d5 2. c4 c6 3. Nc3 Nf6 4. e3 e6 5. Nf3 Nbd7 6. Qc2 Bd6 7. Bd2 O-O 8. O-O-O dxc4 9. Bxc4 b5 10. Bd3 Bb7 11. e4 e5 12. dxe5 Nxe5 13. Nxe5 Bxe5 14.
f4 Bd4 15. e5 Ng4 16. Bxh7+ Kh8 17. Ne2 Nf2 18. Bc3 Nxd1 19. Rxd1 Be3+ 20. Kb1 Qh4 21.
Be4 Rad8 22. Rf1 Qxh2 23. g3 Rd2 24. Bxd2 Qxe2 25. Rh1+ Kg8 26. Bh7+ Kh8 27. Bd3+ 1-0

[Event "Early-Titled-Tuesday-Blitz-May-28-2024"]
[Site "Chess.com"]
[Date "2024.05.28"]
[Round "4"]
[White "FairChess_on_YouTube"]
[Black "aa175"]
[Result "1-0"]
[WhiteElo "3086"]
[BlackElo "2824"]
[TimeControl "180+1"]
[EndTime "8:37:20 PDT"]
[Termination "FairChess_on_YouTube won by resignation"]

1. Nf3 d5 2. g3 Bf5 3. Bg2 e6 4. c4 dxc4 5. Nh4 Bxb1 6. Rxb1 c6 7. Qc2 Be7 8. Qxc4 Bxh4 9. Qxh4 Qxh4 10. gxh4 Ne7 11.
b4 a6 12. a4 Nd7 13. b5 axb5 14. axb5 Nd5 15. bxc6 bxc6 16. O-O Ke7 17. Bb2 Ra4 18. Rfc1 Kd6 19. h5 h6 20. e3 N7f6 21. f4 Nxh5 22.
Be5+ 1-0

[Event "Early-Titled-Tuesday-Blitz-May-28-2024"]
[Site "Chess.com"]
[Date "2024.05.28"]
[Round "4"]
[White "Anton_Demchenko"]
[Black "CrushingKings"]
[Result "1-0"]
[WhiteElo "2947"]
[BlackElo "2605"]
[TimeControl "180+1"]
[EndTime "8:37:21 PDT"]
[Termination "Anton_Demchenko won by resignation"]

1. e4 g6 2. d4 Bg7 3. Nf3 c6 4. Nc3 d5 5. Bf4 dxe4 6. Nxe4 Nf6 7. Bd3 O-O 8. O-O Bg4 9. c3 Nbd7 10. h3 Bxf3 11.
Qxf3 Nxe4 12. Qxe4 e5 13. Be3 f5 14. Qf3 f4 15. Bd2 exd4 16. cxd4 Bxd4 17. Bc2 Kh8 18.
Rad1 Ne5 19. Qe4 Qg5 20. Qxd4 1-0

[Event "Early-Titled-Tuesday-Blitz-May-28-2024"]
[Site "Chess.com"]
[Date "2024.05.28"]
[Round "4"]
[White "Eliwood44"]
[Black "IamSchrodingersCat"]
[Result "1-0"]
[WhiteElo "2464"]
[BlackElo "2646"]
[TimeControl "180+1"]
[EndTime "8:37:25 PDT"]
[Termination "Eliwood44 won by resignation"]

1. d4 Nf6 2. c4 g6 3. Nc3 Bg7 4. e4 d6 5. Be2 O-O 6. h4 h5 7.
Nf3 c5 8. d5 e6 9. Bg5 exd5 10.
exd5 Re8 11. O-O Bg4 12. Re1 Nbd7 13. Nd2 Ne5 14. Nde4 Bxe2 15. Qxe2 Ned7 16. Qf3 Re5 17. Nxd6 Qb6 18. Bxf6 Bxf6 19. Rxe5 Qxd6 20. Re2 Bxh4 21. Rae1 Qf8 22. Qh3 1-0

[Event "Early-Titled-Tuesday-Blitz-May-28-2024"]
[Site "Chess.com"]
[Date "2024.05.28"]
[Round "4"]
[White "Chesstrainer1"]
[Black "zozik"]
[Result "1-0"]
[WhiteElo "2510"]
[BlackElo "2331"]
[TimeControl "180+1"]
[EndTime "8:37:29 PDT"]
[Termination "Chesstrainer1 won by checkmate"]

1. e4 e6 2. d4 d5 3. Nd2 c5 4. Ngf3 cxd4 5. Nxd4 Nc6 6. Bb5 Bd7 7. Nxc6 bxc6 8. Bd3 Qc7 9. Qe2 Bd6 10. Nf3 Ne7 11. O-O O-O 12. e5 Bc5 13. Bxh7+ Kxh7 14. Ng5+ Kg6 15. Qg4 f5 16. Qg3 Qb6 17. h4 Rh8 18. Nxe6+ Kf7 19. Qxg7+ Kxe6 20. Qf6# 1-0

[Event "Early-Titled-Tuesday-Blitz-May-28-2024"]
[Site "Chess.com"]
[Date "2024.05.28"]
[Round "4"]
[White "GoltsevDmitry2000"]
[Black "Semetey"]
[Result "1-0"]
[WhiteElo "2756"]
[BlackElo "2546"]
[TimeControl "180+1"]
[EndTime "8:37:30 PDT"]
[Termination "GoltsevDmitry2000 won by checkmate"]

1. e4 Nc6 2. Nf3 Nf6 3. e5 Nd5 4. c4 Nb6 5. d4 d6 6. exd6 exd6 7. Nc3 Be7 8. Bd3 O-O 9. h3 Bf6 10. Be3 Re8 11. O-O d5 12. c5 Nc4 13. Bxc4 dxc4 14. Qa4 Be6 15. Rad1 Bd5 16. Nxd5 Qxd5 17. Rc1 Bxd4 18.
Rfd1 Rxe3 19. fxe3 Bxe3+ 20. Kh1 Qxc5 21. Qxc4 Qh5 22. Rc3 Bf4 23. Qxf4 h6 24. Qxc7 Qb5 25. Rb3 Qe2 26. Re1 Qf2 27. Qxb7 Rf8 28. Qxc6 Qg3 29. Qe4 g6 30. Qe5 Qf2 31. Rb8 Rxb8 32. Qxb8+ Kh7 33. Re8 Qf1+ 34. Kh2 Qc4 35. Rh8+ Kg7 36. Qe5+ f6 37. Qe7+ Qf7 38. Rh7+ Kxh7 39. Qxf7+ Kh8 40. Nh4 a5 41.
Nxg6# 1-0

[Event "Early-Titled-Tuesday-Blitz-May-28-2024"]
[Site "Chess.com"]
[Date "2024.05.28"]
[Round "4"]
[White "SmirnovAlexandrA"]
[Black "urano56"]
[Result "1-0"]
[WhiteElo "2637"]
[BlackElo "2416"]
[TimeControl "180+1"]
[EndTime "8:37:30 PDT"]
[Termination "SmirnovAlexandrA won by resignation"]

1. e4 e6 2. d4 d5 3. Nc3 Nf6 4.
e5 Nfd7 5. Nf3 c5 6. dxc5 Bxc5 7.
Bd3 Nc6 8. Bf4 a6 9. Qe2 Qa5 10. O-O h6 11. Rfe1 O-O 12. a3 Nd4 13. Nxd4 Bxd4 14. Qg4 f5 15. exf6 Nxf6 16. Qg6 Qb6 17. Bxh6 Bxf2+ 18. Kh1 Qc7 19. Rf1 Ne4 20. Nxe4 dxe4 21.
Bxe4 1-0

[Event "Early-Titled-Tuesday-Blitz-May-28-2024"]
[Site "Chess.com"]
[Date "2024.05.28"]
[Round "4"]
[White "ZachHKL"]
[Black "Casper"]
[Result "0-1"]
[WhiteElo "2338"]
[BlackElo "2515"]
[TimeControl "180+1"]
[EndTime "8:37:31 PDT"]
[Termination "Casper won by checkmate"]

1. e4 Nc6 2. d4 d5 3. exd5 Qxd5 4. Nf3 Bg4 5. Be3 Bxf3 6. Qxf3 Qxf3 7. gxf3 O-O-O 8.
c3 e5 9. dxe5 Nxe5 10. Be2 Ne7 11. Nd2 Nd5 12. Rg1 g6 13. Bd4 Bg7 14. f4 Nxf4 15. Bxe5 Bxe5 16. Nc4 Rhe8 17. Ne3 f5 18. Rd1 Nxe2 19. Rxd8+ Kxd8 20. Kxe2 Bxh2 21. Rh1 Bd6 22.
Kf3 h5 23. Rg1 Re6 24. Nc2 c5 25. Ne3 Ke7 26. Nd5+ Kf7 27. Ne3 f4 28. Nd5 Re5 29. c4 g5 30. Rd1 g4+ 31. Kg2 f3+ 32. Kf1 Re2 33. Nc3 Re6 34. Rd5 Kg6 35. Nb5 Bf4 36.
Nxa7 h4 37. Kg1 Re1# 0-1

[Event "Early-Titled-Tuesday-Blitz-May-28-2024"]
[Site "Chess.com"]
[Date "2024.05.28"]
[Round "4"]
[White "Alphafischer2019"]
[Black "Milop27"]
[Result "1-0"]
[WhiteElo "2684"]
[BlackElo "2465"]
[TimeControl "180+1"]
[EndTime "8:37:38 PDT"]
[Termination "Alphafischer2019 won by resignation"]

1. Nf3 c5 2. g3 g6 3. c4 Bg7 4. d4 cxd4 5. Nxd4 Nc6 6. Nc2 Nf6 7. Bg2 O-O 8. O-O d6 9. Nc3 Bg4 10. h3 Be6 11. Ne3 Qc8 12. Kh2 Ne5 13. b3 b5 14.
Nxb5 Rb8 15. Nd4 h5 16. Bb2 h4 17. g4 Bh6 18. f4 Nfxg4+ 19. hxg4 Nxg4+ 20. Nxg4 Bxg4 21. Qd3 e5 22. Nc6 Rb7 23. Qxd6 Rd7 24. Qxe5 f6 25. Ne7+ Rxe7 26. Qxe7 Qf5 27. Qe4 Qh5 28.
Qd5+ 1-0

[Event "Early-Titled-Tuesday-Blitz-May-28-2024"]
[Site "Chess.com"]
[Date "2024.05.28"]
[Round "4"]
[White "FGHSMN"]
[Black "DishonorOnYourCow"]
[Result "1-0"]
[WhiteElo "2898"]
[BlackElo "2594"]
[TimeControl "180+1"]
[EndTime "8:37:39 PDT"]
[Termination "FGHSMN won on time"]

1. e4 c5 2. Nf3 d6 3. d4 cxd4 4.
Nxd4 Nf6 5. Nc3 a6 6. Be3 Ng4 7. Bc1 Nf6 8. Be3 Ng4 9. Bg5 h6 10. Bh4 g5 11. Bg3 Bg7 12. h3 Ne5 13. Be2 Nbc6 14.
Nxc6 bxc6 15. Qd2 Qb6 16. Rb1 Be6 17. O-O O-O 18. b3 Qa5 19. Rfd1 Nc4 20. Bxc4 Bxc3 21.
Qe2 Be5 22. Bxe6 fxe6 23. b4 Qb6 24. Bxe5 dxe5 25. c4 Rad8 26. c5 Qb5 27. Qg4 Qc4 28. h4 Rxd1+ 29. Rxd1 Qxa2 30. Rf1 Rf4 31. Qh5 Qd2 32.
Qg6+ Kf8 33. Qxh6+ Ke8 34. hxg5 Rxe4 35. Qg6+ Kd7 36. Qxe4 1-0

[Event "Early-Titled-Tuesday-Blitz-May-28-2024"]
[Site "Chess.com"]
[Date "2024.05.28"]
[Round "4"]
[White "chrisclaireredfield"]
[Black "ilqar_74"]
[Result "1/2-1/2"]
[WhiteElo "2560"]
[BlackElo "2774"]
[TimeControl "180+1"]
[EndTime "8:37:39 PDT"]
[Termination "Game drawn by repetition"]

1. Nf3 Nf6 2. g3 e6 3. Bg2 d5 4. O-O Be7 5. d4 O-O 6. c4 dxc4 7. Qa4 a6 8. Qxc4 b5 9. Qc2 Bb7 10. Bg5 Nc6 11. Rd1 h6 12. Bxf6 Bxf6 13. e3 Nb4 14. Qb3 Nd5 15. Nc3 Nxc3 16. bxc3 c5 17. a4 Qb6 18. axb5 axb5 19. dxc5 Qxc5 20. Nd4 Bxg2 21. Kxg2 Bxd4 22. cxd4 Qc6+ 23. Kg1 Rxa1 24. Rxa1 h5 25. h4 Rb8 26. Qb4 g6 27. Rb1 Kg7 28. Qc5 Qb7 29. Rb4 Rc8 30. Rxb5 Qa8 31. Ra5 Qb7 32.
Rb5 Qa6 33. Ra5 Qb7 34. Rb5 1/2-1/2

[Event "Early-Titled-Tuesday-Blitz-May-28-2024"]
[Site "Chess.com"]
[Date "2024.05.28"]
[Round "4"]
[White "AsaHoffmann"]
[Black "jraosam"]
[Result "0-1"]
[WhiteElo "2349"]
[BlackElo "2112"]
[TimeControl "180+1"]
[EndTime "8:37:40 PDT"]
[Termination "jraosam won by resignation"]

1. d4 d5 2. Bg5 h6 3. Bh4 Bf5 4. c4 c6 5. Nc3 Qb6 6. Qb3 dxc4 7. Qxb6 axb6 8. e4 Bh7 9. Bxc4 b5 10. Bb3 b4 11. Na4 Bxe4 12. Nf3 Bxf3 13. gxf3 Nd7 14. O-O-O e6 15. f4 Ngf6 16. f5 b5 17. fxe6 bxa4 18. exd7+ Kxd7 19. Bxf7 Bd6 20. Bg3 Rhf8 21. Bg6 Nd5 22.
Rhg1 a3 23. Be4 axb2+ 24. Kxb2 Nc3 25. Bb1 Bxg3 26. fxg3 Rf2+ 27. Kb3 Nxa2 28. d5 Ra3+ 29. Kc4 Rc3+ 30. Kd4 c5+ 31. Ke5 Re3+ 32. Be4 Nc3 33.
Rge1 Rfe2 34. Rxe2 Rxe2 35. Rf1 Rxe4+ 36. Kf5 Re7 37. Ra1 Nxd5 38. Rd1 Kc6 0-1

[Event "Early-Titled-Tuesday-Blitz-May-28-2024"]
[Site "Chess.com"]
[Date "2024.05.28"]
[Round "4"]
[White "DeyanKostov"]
[Black "Goryachkina"]
[Result "0-1"]
[WhiteElo "2465"]
[BlackElo "2691"]
[TimeControl "180+1"]
[EndTime "8:37:43 PDT"]
[Termination "Goryachkina won by resignation"]

1. d4 Nf6 2. c4 e6 3. Nc3 Bb4 4.
e3 O-O 5. Bd3 d5 6. a3 Bd6 7.
Nge2 dxc4 8. Bxc4 Nbd7 9. e4 e5 10. d5 a6 11. O-O Re8 12. b4 Nf8 13. h3 Ng6 14. Be3 Nh5 15. Ng3 Nhf4 16. Nf5 Qf6 17. Bd3 Bd7 18. g3 Nxh3+ 19. Kg2 Nhf4+ 20. gxf4 exf4 21. Bd4 Qg5+ 22. Kh1 Bxf5 23. exf5 f3 0-1

[Event "Early-Titled-Tuesday-Blitz-May-28-2024"]
[Site "Chess.com"]
[Date "2024.05.28"]
[Round "4"]
[White "Vesper2018"]
[Black "Peng_Li-Min"]
[Result "1-0"]
[WhiteElo "2575"]
[BlackElo "2774"]
[TimeControl "180+1"]
[EndTime "8:37:44 PDT"]
[Termination "Vesper2018 won by resignation"]

1. e4 Nc6 2. Nf3 d5 3. exd5 Qxd5 4. Nc3 Qh5 5. d4 Bg4 6. Be2 O-O-O 7. Be3 e5 8. d5 Nf6 9. h3 Bb4 10. O-O Bxh3 11.
gxh3 Qxh3 12. Ng5 Qh4 13. Nxf7 e4 14. Kg2 Ne8 15. Bg5 1-0

[Event "Early-Titled-Tuesday-Blitz-May-28-2024"]
[Site "Chess.com"]
[Date "2024.05.28"]
[Round "4"]
[White "BobbyFischer1508"]
[Black "Keithonsky"]
[Result "0-1"]
[WhiteElo "2451"]
[BlackElo "2637"]
[TimeControl "180+1"]
[EndTime "8:37:48 PDT"]
[Termination "Keithonsky won by resignation"]

1. b3 c5 2. Bb2 Nc6 3. c4 e6 4. e3 Nf6 5. Nf3 d5 6. cxd5 exd5 7. d3 Bd6 8. Nbd2 O-O 9. Be2 Re8 10. O-O d4 11. e4 b6 12. a3 a5 13. Ne1 Bf4 14.
g3 Bc7 15. f4 Bh3 16. Ng2 Qd7 17. Re1 Ng4 18. Nf1 f5 19. e5 Ne7 20. Bf3 Rad8 21. Bc1 Nd5 22. Bd2 g6 23. Qc2 Kh8 24. Rad1 Qe6 25.
Qc4 Rd7 26. Qb5 Bd8 27. b4 axb4 28. axb4 Be7 29. bxc5 Bxc5 30. Ra1 Red8 31. Ra6 Nc7 32.
Qxb6 Bxb6 0-1

[Event "Early-Titled-Tuesday-Blitz-May-28-2024"]
[Site "Chess.com"]
[Date "2024.05.28"]
[Round "4"]
[White "db-banana"]
[Black "chess_blitz00"]
[Result "0-1"]
[WhiteElo "2466"]
[BlackElo "2306"]
[TimeControl "180+1"]
[EndTime "8:37:49 PDT"]
[Termination "chess_blitz00 won by checkmate"]

1. e4 d6 2. d4 Nf6 3. Nc3 e5 4. Nf3 Bg4 5. Be2 Bxf3 6. Bxf3 Nc6 7. Be3 exd4 8. Bxd4 Nxd4 9. Qxd4 Be7 10. O-O-O O-O 11. h4 c6 12. h5 h6 13. Kb1 Qa5 14. Be2 Rfe8 15. f4 Bf8 16. g4 b5 17. g5 c5 18.
Qf2 b4 19. Nd5 Nxe4 20. Qg2 Nc3+ 21. bxc3 bxc3 22. Bc4 Qa3 23. Nxc3 Qxc3 24. Qd5 Rab8+ 25. Kc1 Qa3+ 26. Kd2 Qe3# 0-1

[Event "Early-Titled-Tuesday-Blitz-May-28-2024"]
[Site "Chess.com"]
[Date "2024.05.28"]
[Round "4"]
[White "korbul"]
[Black "mbojan"]
[Result "0-1"]
[WhiteElo "2663"]
[BlackElo "2904"]
[TimeControl "180+1"]
[EndTime "8:37:51 PDT"]
[Termination "mbojan won by resignation"]

1. d4 a6 2. e4 e6 3. Bd3 d5 4. e5 c5 5. c3 Bd7 6. Nf3 cxd4 7. cxd4 Bb5 8. O-O Nc6 9. Nc3 Bxd3 10. Qxd3 Nge7 11. Bg5 h6 12. Bxe7 Bxe7 13. Rfc1 O-O 14.
a3 Na5 15. b4 Nc4 16. Na4 Rc8 17. Nd2 b5 18. Nc5 Bg5 19. Nxc4 dxc4 20. Qe4 Bxc1 21. Rxc1 Qd5 22. Qxd5 exd5 23. f4 Ra8 24. f5 a5 25. Kf2 axb4 26. axb4 Ra2+ 27. Kf3 Rfa8 28. e6 fxe6 29. fxe6 Kf8 30. Kf4 Re2 31. Kf5 Ke7 32. g4 g5 33. h4 Rf8+ 34. Kg6 Rf6+ 35. Kg7 gxh4 36. Rh1 Rexe6 37. Nxe6 Rxe6 38. Rxh4 c3 0-1

[Event "Early-Titled-Tuesday-Blitz-May-28-2024"]
[Site "Chess.com"]
[Date "2024.05.28"]
[Round "4"]
[White "FMalexhdez"]
[Black "Mesa_1"]
[Result "0-1"]
[WhiteElo "2262"]
[BlackElo "2581"]
[TimeControl "180+1"]
[EndTime "8:37:51 PDT"]
[Termination "Mesa_1 won by resignation"]

1. e4 g6 2. d4 Bg7 3. Nf3 d6 4.
Nc3 Nf6 5. Be2 O-O 6. O-O a6 7. a4 Nc6 8. Re1 e5 9. Bf1 Bg4 10. d5 Nd4 11. Be2 Nxe2+ 12. Qxe2 Nh5 13. h3 Bd7 14.
Nh2 Nf4 15. Bxf4 exf4 16. Qf3 b5 17. axb5 axb5 18. Qxf4 b4 19. Rxa8 Qxa8 20. Nd1 Qa4 21. Qd2 b3 22. c3 Re8 23. f3 h5 24. h4 Kh7 25. Nf1 f5 26. exf5 Rxe1 27. Qxe1 Bxf5 28. Nde3 Bc8 29. Nd2 Ba6 30. Qd1 Qxh4 31. Nxb3 Be5 32. Nf1 Bxf1 33. Kxf1 Qh1+ 34. Ke2 Qxg2+ 35. Kd3 h4 36.
Qe2 h3 0-1

[Event "Early-Titled-Tuesday-Blitz-May-28-2024"]
[Site "Chess.com"]
[Date "2024.05.28"]
[Round "4"]
[White "lamomiajunior"]
[Black "Attacker_2006"]
[Result "0-1"]
[WhiteElo "2728"]
[BlackElo "2549"]
[TimeControl "180+1"]
[EndTime "8:37:52 PDT"]
[Termination "Attacker_2006 won by resignation"]

1. d4 Nf6 2. Nc3 g6 3. e4 Bg7 4.
e5 Ng8 5. Nf3 d6 6. Qe2 Nc6 7.
Bf4 dxe5 8. dxe5 Bg4 9. Rd1 Qc8 10. Nd5 e6 11. Nc3 Nge7 12. h3 Bxf3 13. gxf3 g5 14.
Bxg5 Nxe5 15. h4 h6 16. Be3 Nf5 17. Bf4 Nc6 18. Rg1 Bf6 19. Nd5 Bd8 20. Bh3 Nfd4 21.
Qe4 f5 22. Bxf5 Nxf5 23. Ne3 Nce7 24. Be5 Rf8 25. Ng4 Nd5 26. c4 Nf6 27. c5 Nxe4 0-1

[Event "Early-Titled-Tuesday-Blitz-May-28-2024"]
[Site "Chess.com"]
[Date "2024.05.28"]
[Round "4"]
[White "GiorgianBarbosa"]
[Black "Flawless_Fighter"]
[Result "0-1"]
[WhiteElo "2475"]
[BlackElo "2705"]
[TimeControl "180+1"]
[EndTime "8:37:53 PDT"]
[Termination "Flawless_Fighter won by resignation"]

1. b3 Nf6 2. Bb2 e6 3. g3 b6 4. Bg2 c6 5. Nf3 Bb7 6. O-O Be7 7. c4 d5 8. d3 Nbd7 9. Nbd2 O-O 10. e4 dxe4 11.
Nxe4 Qc7 12. Qe2 c5 13. Rad1 Rad8 14. h4 h6 15. Rfe1 a6 16. Nh2 Nxe4 17. Bxe4 Bf6 18. Bxf6 Nxf6 19. Bxb7 Qxb7 20. Nf3 Rd6 21. d4 cxd4 22.
Nxd4 Rfd8 23. Nc2 Rxd1 24. Rxd1 Rxd1+ 25. Qxd1 Qe4 26. Ne3 Kh7 27. Qc2 Qxc2 28. Nxc2 Kg6 29.
f3 Kf5 30. Kf2 Ke5 31. Ke3 g5 32. hxg5 hxg5 33. Nd4 Kd6 34. f4 gxf4+ 35. Kxf4 e5+ 36. Ke3 exd4+ 37. Kxd4 Nh5 38. g4 Nf6 39. b4 Nxg4 40. c5+ bxc5+ 41. bxc5+ Kc6 0-1